Map: King's Cove LE

Players

ShaDoWn

  • Race: Protoss Protoss
  • Spawn Location: 5:00

LiquidMaNa (MaNa) - Winner!

  • Race: Protoss Protoss
  • League: Master
  • Spawn Location: 11:00

Event: 2019 WCS Winter Europe

VOD

Have the link to the VOD?

Description

Time

  • Played on: Feb. 1, 2019, 10:28 a.m.
  • Length: 6:54

All games in this series

Show
View Real Time Build Order
Export as new Build Order

ShaDoWn Protoss 

Build Orders: Oracle Opening 

Get SALT Encoding   

  12  0:00  Probe  
  13  0:12  Probe  
  14  0:17  Pylon  
  14  0:24  Probe  
  15  0:32  Probe  
  15  0:38  Gateway  
  15  0:40  Probe  
  16  0:47  Assimilator  
  17  0:51  Probe  
  17  0:55  Assimilator  
  18  0:59  Probe  
  19  1:07  Probe  
  19  1:09  Gateway  
  19  1:17  Probe  
  21  1:25  Cybernetics Core  
  21  1:29  Probe  
  22  1:35  Pylon  
  22  1:41  Probe  
  22  1:44  Pylon  
  23  1:53  Probe  
  24  2:02  Warp Gate  
  24  2:03  Adept  
  24  2:05  Adept  
  28  2:11  Probe  
  29  2:22  Pylon  
  29  2:36  Stalker  
  29  2:37  Stalker  
  33  2:50  Stargate  
  33  2:56  Shield Battery  
  33  3:18  Robotics Facility  
  33  3:19  Nexus  
  33  3:23  Oracle  
  33  3:26  Probe  
  33  3:38  Probe  
  34  3:50  Adept  
  34  3:51  Adept  
  34  3:52  Probe  
  34  3:55  Oracle  
  42  4:14  Shield Battery  
  42  4:20  Probe  
  40  4:28  Probe  
  38  4:35  Probe  
  38  4:36  Probe  
  40  4:45  Probe  
  37  4:47  Stalker, Probe  
  37  4:48  Stalker  
  43  4:53  Probe  
  43  4:54  Observer  
  43  4:58  Shield Battery  
  43  4:59  Probe  
  46  5:01  Probe  
  47  5:11  Probe  
  47  5:13  Probe  
  40  5:16  Stalker x2  
  43  5:23  Probe  
  43  5:26  Probe  
  42  5:32  Probe  
  37  5:38  Probe  
  37  5:41  Probe  
  38  5:48  Probe  
  38  5:49  Probe  
  39  5:56  Phoenix, Probe  
  43  6:02  Probe  
  45  6:05  Probe  
  46  6:13  Probe  
  46  6:14  Probe  
  48  6:21  Probe  
  49  6:26  Probe  
  49  6:31  Probe  
  50  6:37  Zealot x2  
  50  6:38  Probe  
Show
View Real Time Build Order
Export as new Build Order

LiquidMaNa Protoss - Winner!

Build Orders: Oracle Opening 

Get SALT Encoding   

  12  0:00  Probe  
  13  0:12  Probe  
  14  0:17  Pylon  
  14  0:24  Probe  
  15  0:32  Probe  
  15  0:39  Gateway  
  15  0:40  Probe  
  16  0:46  Assimilator  
  17  0:50  Probe  
  17  0:55  Assimilator  
  18  0:58  Probe  
  19  1:07  Probe  
  19  1:08  Gateway  
  20  1:18  Probe  
  21  1:27  Cybernetics Core  
  21  1:31  Probe  
  22  1:35  Pylon  
  22  1:43  Probe  
  23  1:55  Probe  
  24  2:04  Stalker, Warp Gate  
  24  2:05  Sentry  
  24  2:07  Probe  
  29  2:14  Pylon  
  29  2:22  Probe  
  30  2:31  Stargate  
  31  2:40  Stalker  
  32  2:55  Nexus  
  32  3:02  Shield Battery  
  32  3:04  Oracle  
  32  3:17  Probe  
  34  3:29  Probe  
  35  3:36  Pylon  
  35  3:41  Robotics Facility  
  35  3:44  Probe  
  35  3:56  Probe  
  35  3:59  Oracle  
  39  4:07  Probe  
  39  4:09  Probe, Adept  
  43  4:11  Adept  
  45  4:19  Probe  
  45  4:24  Probe  
  47  4:31  Immortal  
  49  4:39  Probe x2  
  50  4:46  Adept x2  
  50  4:47  Probe  
  50  4:52  Probe  
  55  4:57  Probe  
  55  4:59  Pylon  
  56  5:02  Probe  
  58  5:18  Phoenix  
  58  5:20  Stalker x2  
  48  5:33  Probe  
  48  5:34  Probe  
  50  5:43  Zealot  
  50  5:44  Zealot  
  50  5:48  Probe  
  55  5:57  Probe  
  55  6:00  Probe  
  57  6:04  Zealot x2  
  57  6:09  Probe  
  62  6:20  Probe  
  62  6:21  Probe  
  64  6:26  Stalker  
  64  6:27  Stalker  
  68  6:33  Probe  
Tags
 
Add a new tag
Caveats
  • Supply blocks, unpowered buildings, or Contaminate may cause inaccurate times.
  • Supply counts are checked every 10 seconds.